Map: Подводный мир РВ

Players

ИИ 1 (знаток) - Winner!

  • Race: Terran Terran
  • Spawn Location: 5:00

Doll

  • Race: Zerg Zerg
  • Spawn Location: 11:00

VOD

Have the link to the VOD?

Description

Time

  • Played on: March 5, 2021, 7:59 a.m.
  • Length: 7:18
Show
View Real Time Build Order
Export as new Build Order

ИИ 1 (знаток) Terran - Winner!

Build Orders:  

Get SALT Encoding   

  12  0:00  SCV  
  13  0:13  SCV  
  14  0:19  Supply Depot  
  14  0:25  SCV  
  15  0:40  SCV  
  15  0:42  Barracks  
  16  0:52  SCV  
  17  1:04  SCV  
  18  1:14  Command Center  
  18  1:31  Orbital Command, Marine  
  19  1:37  Supply Depot  
  19  1:44  Refinery  
  19  1:49  Marine  
  20  1:57  SCV  
  20  2:00  Barracks  
  21  2:07  Refinery  
  21  2:08  Marine  
  22  2:09  SCV  
  23  2:22  SCV  
  24  2:28  Supply Depot  
  24  2:29  Barracks Tech Lab  
  24  2:39  SCV  
  25  2:46  Marine  
  25  2:47  Marine  
  27  2:57  Refinery  
  27  3:04  Marine  
  27  3:05  SCV  
  29  3:09  SCV  
  29  3:10  Marauder  
  32  3:17  SCV  
  33  3:21  SCV  
  33  3:23  Barracks Tech Lab  
  34  3:29  SCV  
  34  3:31  Marine  
  34  3:32  Factory  
  34  3:33  SCV  
  37  3:41  SCV, Marine  
  38  3:45  SCV  
  40  3:49  Factory  
  40  3:52  Marauder  
  42  4:17  Marauder  
  42  4:18  Starport, Factory Tech Lab  
  42  4:20  Starport  
  44  4:28  Marauder  
  46  4:32  Factory Tech Lab  
  46  4:36  Supply Depot  
  46  4:41  Ghost Academy  
  46  4:51  SCV  
  47  4:53  SCV  
  47  4:54  Medivac  
  47  4:57  Starport Tech Lab  
  50  5:01  Stimpack  
  50  5:03  SCV  
  50  5:05  SCV  
  52  5:09  Combat Shield  
  52  5:10  Ghost  
  54  5:16  SCV  
  54  5:17  SCV  
  56  5:21  Supply Depot  
  56  5:26  Engineering Bay, Starport Tech Lab  
  56  5:28  SCV  
  57  5:31  SCV  
  58  5:39  Marine  
  58  5:40  SCV  
  60  5:43  SCV  
  61  5:50  Marine  
  61  5:52  SCV, Supply Depot  
  61  5:55  SCV  
  64  6:00  Marine  
  65  6:04  SCV  
  65  6:11  Marine, Refinery  
  66  6:14  SCV  
  66  6:17  Supply Depot  
  66  6:18  SCV  
  69  6:22  Marauder  
  71  6:26  SCV  
  71  6:28  Concussive Shells  
  72  6:33  Marauder  
  72  6:35  SCV, Viking  
  72  6:38  SCV, Viking  
  72  6:44  Supply Depot  
  72  6:47  Hellion  
  72  6:51  Hellion  
Show
View Real Time Build Order
Export as new Build Order

Doll Zerg 

Build Orders: Hatch First 

Get SALT Encoding   

  12  0:01  Drone  
  13  0:13  Overlord  
  13  0:17  Drone  
  14  0:32  Drone  
  15  0:47  Hatchery  
  14  0:50  Drone  
  14  0:54  Drone  
  16  0:58  Drone  
  16  1:01  Extractor  
  16  1:16  Spawning Pool  
  15  1:19  Drone  
  15  1:25  Drone  
  17  1:31  Overlord  
  17  1:36  Drone  
  18  1:44  Drone  
  19  2:03  Zergling x2  
  19  2:04  Zergling x2  
  19  2:05  Queen  
  23  2:09  Queen  
  23  2:13  Drone  
  26  2:17  Drone  
  26  2:19  Drone  
  29  2:37  Drone  
  29  2:39  Drone  
  29  2:42  Drone  
  31  2:47  Hatchery  
  28  2:51  Drone  
  28  2:56  Drone x2  
  32  2:58  Drone  
  32  3:03  Zergling x2  
  32  3:04  Zergling x2  
  34  3:13  Extractor  
  34  3:14  Roach Warren  
  34  3:15  Zergling x2  
  34  3:18  Zergling x2  
  34  3:22  Overlord  
  34  3:25  Drone  
  35  3:28  Drone  
  36  3:35  Lair  
  36  3:43  Drone x2, Baneling Nest  
  36  3:46  Drone  
  37  3:49  Drone  
  37  3:52  Drone  
  37  3:54  Drone  
  40  4:01  Queen  
  42  4:06  Roach  
  42  4:08  Roach  
  46  4:12  Overlord  
  46  4:16  Roach  
  48  4:18  Drone  
  48  4:21  Metabolic Boost  
  49  4:25  Overlord  
  49  4:32  Roach  
  49  4:33  Roach  
  49  4:34  Baneling  
  49  4:35  Baneling x2  
  49  4:36  Baneling  
  49  4:37  Baneling  
  53  4:41  Roach  
  53  4:42  Roach  
  57  4:46  Roach  
  57  4:49  Drone  
  57  4:50  Drone  
  57  4:51  Drone  
  63  4:52  Drone  
  63  4:56  Zergling x2  
  63  4:57  Zergling x2  
  63  4:59  Overlord  
  65  5:08  Hydralisk Den  
  65  5:11  Infestation Pit  
  63  5:15  Overlord  
  63  5:19  Roach x2  
  63  5:20  Roach  
  69  5:23  Roach  
  69  5:25  Drone  
  69  5:26  Drone  
  73  5:29  Overlord  
  73  5:35  Roach x2  
  77  5:37  Roach  
  77  5:40  Drone  
  77  5:41  Drone  
  81  5:46  Glial Reconstitution  
  81  5:49  Drone x2  
  83  5:50  Drone  
  83  5:52  Drone  
  83  5:53  Drone  
Tags
 
Add a new tag
Caveats
  • Supply blocks, unpowered buildings, or Contaminate may cause inaccurate times.
  • Supply counts are checked every 10 seconds.